 Dungeon Crawl Stone Soup version 0.27.0-1-g7a089689b8 (webtiles) character file.

Game seed: 16922625995755095886

4 Spectrina the Magician (level 1, 0/15 HPs)
             Began as a Djinni Necromancer on Aug 17, 2021.
             Slain by a bat (1 damage)
             ... on level 2 of the Dungeon.
             The game lasted 00:00:50 (89 turns).

Spectrina the Magician (Djinni Necromancer)           Turns: 89, Time: 00:00:51

Health: 0/15       AC:  2    Str:  7    XL:     1   Next: 77%
Gold:   0          EV: 12    Int: 16    God:
                   SH:  0    Dex: 13

rFire    + + .     SeeInvis .   b - +1 short sword (elec)
rCold    x . .     Faith    .   (no shield)
rNeg     . . .     Spirit   .   a - +0 robe
rPois    ∞         Reflect  .   (no helmet)
rElec    .         Harm     .   (no cloak)
rCorr    .         Rampage  .   (no gloves)
Will     .....                  (boots unavailable)
Stlth    ++........             (no amulet)
HPRegen  0.05/turn              (no ring)
MPRegen  0.00/turn              (no ring)

@: flying
A: sickness immunity, fire resistance 2, cold vulnerability 1, float, innate
caster, hp casting, extra vitality 1
a: no special abilities


You were on level 2 of the Dungeon.
You visited 1 branch of the dungeon, and saw 2 of its levels.

Inventory:

Hand Weapons
 b - a +1 short sword of electrocution (weapon)
Missiles
 c - a stone (quivered)
Armour
 a - a +0 robe (worn)


   Skills:
 - Level 2.1 Dodging
 - Level 1.5 Stealth
 + Level 3.4 Spellcasting


You couldn't memorise any spells.
You knew the following spells:

 Your Spells              Type           Power      Damage    Failure   Level
a - Pain                  Necr           52%        1d6       4%          1
b - Animate Skeleton      Necr           26%        N/A       4%          1
c - Vampiric Draining     Necr           6%         2d6       13%         3
d - Animate Dead          Necr           6%         N/A       38%         4
e - Agony                 Necr           13%        N/A       75%         5
Your spell library was empty.

Dungeon Overview and Level Annotations

Branches:
Dungeon (2/15)

Altars:


Innate Abilities, Weirdness & Mutations

You are immune to sickness and miasma.
You are immune to poison.
Your flesh is very heat resistant. (rF++)
You are vulnerable to cold. (rC-)
You float through the air rather than walking.
You learn spells naturally, not from books.
Your magical power is your life essence.
You have superior vitality. (+4 HP)


Message History

Confirm with . or Enter, or press ? or * to list all spells.
Aiming: Pain (safe; 4% risk of failure)
Press: ? - help, Shift-Dir - straight line, f/p - quokka
Aim: a quokka (asleep, chance to affect: 83%)
The quokka barely resists.
Casting: Pain (safe; 4% risk of failure)
Confirm with . or Enter, or press ? or * to list all spells.
Aiming: Pain (safe; 4% risk of failure)
Press: ? - help, Shift-Dir - straight line, f/p - quokka
Aim: a quokka (chance to affect: 83%)
The quokka writhes in agony.
* * * LOW HITPOINT WARNING * * *
Unknown command.
Casting: Pain (safe; 4% risk of failure)
Confirm with . or Enter, or press ? or * to list all spells.
Aiming: Pain (safe; 4% risk of failure)
Press: ? - help, Shift-Dir - straight line, f/p - quokka
Aim: a quokka (heavily wounded, chance to affect: 83%)
The quokka writhes in agony.
You kill the quokka!
* * * LOW HITPOINT WARNING * * *
Unknown command.
You see here a stone.
c - a stone Your magical contamination has completely faded away.
Found a dagger.
Found 9 poisoned darts.
Found 12 poisoned darts.
A quokka comes into view.
A bat comes into view.
You see here a +0 dagger.
Unknown command.
The helpless quokka fails to defend itself.
You hit the quokka. Lightning courses through the quokka!
You kill the quokka!
Unknown command.
You miss the bat. The bat hits you.
* * * LOW HITPOINT WARNING * * *
You barely miss the bat. The bat hits you.
You die...

#.....#########
#..............
#.....#.######
##...##.#
####.###.#########
#...............(#.###
#.##.#.#######).......
#.##.#.# #.#.#.#..
#.##.# # #@# .( #.##.#
#....b..#.# #.##.#
#.###.....# #.##..
.##.### #.# .. . .#
#.##..# #. .# #.##..#
#. # #.##..# #.
#.##..# #


You could see a bat.

Vanquished Creatures
  2 quokkas (D:2)
  A ball python (D:2)
  A kobold (D:2)
  A rat (D:2)
5 creatures vanquished.

Notes
Turn   | Place    | Note
-------+----------+-------------------------------------------
     0 | D:1      | Spectrina the Djinni Necromancer began the quest for the
                  | Orb.
     0 | D:1      | Reached XP level 1. HP: 15/15 MP: 0/0
    89 | D:2      | Slain by a bat

Illustrated notes

Levels and vault maps discovered:
D:1:      lightli_molten_gateway, layout_rooms, minmay_domino_4
D:2:      layout_loops_ring, dreamdust_ecumenical_altar_drowned_temple,
          corner_web_ring

Action                   || total
-------------------------++-------
Melee: Short sword       ||     3
 Cast: Pain              ||     8
 Stab: Sleeping          ||     1
Dodge: Dodged            ||     1
